 Dungeon Crawl Stone Soup version 0.20.2 (webtiles) character file.

878 Alfie the Archer (level 7, 0/60 HPs)
             Began as a Minotaur Hunter on Apr 7, 2020.
             Succumbed to Eustachio's poison
             ... on level 5 of the Dungeon.
             The game lasted 00:11:03 (3198 turns).

Alfie the Archer (Minotaur Hunter)                  Turns: 3198, Time: 00:11:04

Health: 0/60       AC:  3    Str: 19    XL:     7   Next: 75%
Magic:  6/6        EV: 12    Int:  8    God:
Gold:   290        SH:  0    Dex: 10    Spells: 5/6 levels left

rFire    . . .     SeeInvis .   b - +2 short sword
rCold    . . .     Gourm    .   (no shield)
rNeg     . . .     Faith    .   c - +0 leather armour
rPois    .         Spirit   .   (helmet restricted)
rElec    .         Reflect  .   (no cloak)
rCorr    .         Harm     .   (no gloves)
MR       .....                  (no boots)
Stlth    +.........             (no amulet)
Regen    0.2/turn               (no ring)
MPRegen  0.1/turn               (no ring)

@: lethally poisoned (0 -> -17), invisible
A: retaliatory headbutt, horns 2
a: no special abilities


You were on level 5 of the Dungeon.
You were not hungry.

You visited 1 branch of the dungeon, and saw 5 of its levels.

You collected 290 gold pieces.

Inventory:

Hand Weapons
 a - a +3 shortbow
 b - a +2 short sword (weapon)
Missiles
 d - 15 arrows
Armour
 c - a +0 leather armour (worn)
Jewellery
 h - an uncursed ring of fire {unknown}
 l - an uncursed ring of flight
 m - an uncursed ring of protection from cold
Scrolls
 k - 2 scrolls of remove curse
 n - a scroll of enchant armour {unknown}
 r - a scroll of fear {unknown}
Potions
 e - a potion of degeneration {unknown}
 g - a potion of cancellation {unknown}
 i - a potion of might
 q - a potion of lignification {unknown}
Books
 p - a book of Maledictions

   Spells                             Type                      Level
   a - Corona                         Hexes                        1
   b - Ensorcelled Hibernation        Hexes/Ice                    2
   c - Confuse                        Hexes                        3
   d - Tukima's Dance                 Hexes                        3
   e - Dazzling Spray                 Conjuration/Hexes            3
Comestibles
 f - 4 bread rations
 o - a royal jelly


   Skills:
 + Level 4.4 Fighting
 + Level 3.3 Short Blades
 + Level 8.4 Bows
 + Level 2.8 Armour
 + Level 3.4 Dodging
 + Level 1.0 Stealth


You had 5 spell levels left.
You knew the following spells:

 Your Spells              Type           Power        Failure   Level  Hunger
a - Corona                Hex            #......      45%         1    ##.....


Dungeon Overview and Level Annotations

Branches:
Dungeon (5/15)             Temple (0/1) D:5

Altars:
Ashenzari
Dithmenos
Elyvilon
Okawaru
Trog
Uskayaw
Xom
Yredelemnul
The Shining One

Annotations:
D:5 Eustachio


Innate Abilities, Weirdness & Mutations

You reflexively headbutt those who attack you in melee.
You have a pair of horns on your head.


Message History

Eustachio is severely wounded.
Eustachio casts a spell.
You barely miss Eustachio. Your headbutt misses Eustachio.
Eustachio is severely wounded.
Eustachio gestures wildly while chanting.
You hit Eustachio. Your headbutt misses Eustachio.
Eustachio is severely wounded.
Eustachio hits you with a rapier of venom.
* * * LOW HITPOINT WARNING * * *
You are lethally poisoned!
You barely miss Eustachio.
Eustachio is severely wounded.
* * * LOW HITPOINT WARNING * * *
You feel sick.
Eustachio hits you with a rapier of venom.
* * * LOW HITPOINT WARNING * * *
You are more poisoned.
It was a potion of invisibility.
You fade into invisibility!
You die...

...# #.#####+#
##.## #.# ....#
#.# .##.# #.#
.##.###.#
###..##.# #
##.##.# # #..#.#
#+# . ##.#.# #@# .
#.#.# #####@# .#
#.#.# #...55#
#...# #.##.5#
#####..####.#...#
+........##(#...#
######>#.#....#.##
#.#.#..#(.(.##
#.#.([...#.(.#


You could see Eustachio, a white imp and 2 ufetubi.

Vanquished Creatures
  The ghost of Alfie the Shooter, a novice MiHu (D:4)
  Menkaure (D:5)
  2 scorpions (D:4)
  A crimson imp (D:3)
  3 hounds (D:4)
  2 iguanas
  An orc wizard (D:4)
  2 worker ants (D:4)
  3 adders
  An ooze (D:1)
  A worm (D:2)
  3 dart slugs
  3 leopard geckos
  5 orcs
  A ball python (D:3)
  6 bats
  2 giant cockroaches
  8 goblins
  6 hobgoblins
  A kobold (D:1)
  4 quokkas
  7 frilled lizards
  3 rats
67 creatures vanquished.

Notes
Turn   | Place    | Note
-------+----------+-------------------------------------------
     0 | D:1      | Alfie the Minotaur Hunter began the quest for the Orb.
     0 | D:1      | Reached XP level 1. HP: 18/18 MP: 0/0
   168 | D:1      | Reached XP level 2. HP: 25/25 MP: 1/1
   359 | D:1      | Reached skill level 5 in Bows
   826 | D:2      | Found a glowing golden altar of the Shining One.
   888 | D:2      | Found a snail-covered altar of Cheibriados.
   888 | D:2      | Found a stormy altar of Qazlal.
   888 | D:2      | Found a shimmering altar of Xom.
   888 | D:2      | Found a shimmering altar of Xom.
   888 | D:2      | Found a basalt altar of Yredelemnul.
   888 | D:2      | Found a white marble altar of Elyvilon.
   909 | D:2      | Reached XP level 3. HP: 30/30 MP: 2/2
  1487 | D:3      | Found an iron altar of Okawaru.
  1580 | D:3      | Found a bloodstained altar of Trog.
  1596 | D:3      | Reached skill level 1 in Short Blades
  1596 | D:3      | Reached XP level 4. HP: 37/37 MP: 3/3
  1836 | D:3      | You fall through a shaft for 2 floors!
  1836 | D:5      | Entered Level 5 of the Dungeon
  1862 | D:5      | Learned a level 1 spell: Corona
  1887 | D:5      | Found a shadowy altar of Dithmenos.
  1914 | D:4      | Reached skill level 6 in Bows
  1914 | D:4      | Reached skill level 1 in Armour
  1995 | D:4      | Reached XP level 5. HP: 10/44 MP: 4/4
  2040 | D:4      | Reached XP level 6. HP: 16/51 MP: 5/5
  2062 | D:4      | Noticed Alfie's ghost (novice MiHu)
  2101 | D:4      | Killed Alfie's ghost
  2101 | D:4      | Reached skill level 7 in Bows
  2101 | D:4      | Reached XP level 7. HP: 27/58 MP: 6/6
  2277 | D:4      | Reached skill level 1 in Stealth
  2855 | D:4      | Reached skill level 8 in Bows
  2981 | D:4      | Found a shattered altar of Ashenzari.
  2983 | D:4      | Found a hide-covered altar of Uskayaw.
  3085 | D:5      | Found a staircase to the Ecumenical Temple.
  3108 | D:5      | Noticed Menkaure
  3120 | D:5      | Killed Menkaure
  3142 | D:5      | Noticed Eustachio
  3180 | D:5      | HP: 2/60 [crimson imp[Eustachio] (4)]
  3185 | D:5      | HP: 1/60 [poisoned by Eustachio]
  3197 | D:5      | HP: 2/60 [Eustachio/rapier of venom (2)]
  3198 | D:5      | Succumbed to Eustachio's poison

Skill      XL: |  1  2  3  4  5  6  7 |
---------------+----------------------+-----
Bows           | 5 6 7 8 |  8.4
Short Blades   | 1 2 3 |  3.3
Armour         | 1 2 |  2.8
Fighting       | 3 4 |  4.4
Dodging        | 3 |  3.4
Stealth        | 1 |  1.0

Action                   |  1- 3 |  4- 6 |  7- 9 || total
-------------------------+-------+-------+-------++-------
Melee: Short sword       |    23 |    28 |     9 ||    60
       Headbutt          |       |     2 |     1 ||     3
 Fire: Shortbow          |    66 |    40 |    81 ||   187
  Use: Scroll            |     9 |       |     2 ||    11
       Potion            |       |     2 |     3 ||     5
  Eat: Royal jelly       |     1 |       |       ||     1
       Bread ration      |       |     1 |       ||     1
Armor: Leather armour    |    11 |     9 |     9 ||    29
Dodge: Dodged            |    31 |    19 |    24 ||    74
